 Dungeon Sprint DCSS version 0.27-a0-1332-g84bddb5ca7 (webtiles) character file.

Game seed: 6697474049673447420

19110 mhtbhm the Metallomancer (level 12, -5/93 HPs)
             Began as a Gargoyle Earth Elementalist on June 25, 2021.
             Was the Champion of Vehumet.
             Slain by a ghost moth (10 damage)
             ... in the Dungeon (Sprint VII: "The Pits").
             The game lasted 00:07:47 (2989 turns).

mhtbhm the Metallomancer (GrEE)                     Turns: 2989, Time: 00:07:47

Health: -5/93      AC: 15    Str: 13      XL:     12   Next: 65%
Magic:  0/35       EV: 13    Int: 20      God:    Vehumet [******]
Gold:   34         SH:  0    Dex: 13 (16) Spells: 29/49 levels left

rFire    . . .     SeeInvis .   a - +2 morningstar (vorpal)
rCold    . . .     Faith    .   (no shield)
rNeg     + . .     Spirit   .   b - +0 troll leather armour
rPois    ∞         Reflect  .   (no helmet)
rElec    +         Harm     .   q - +0 cloak
rCorr    .         Rampage  .   (no gloves)
Will     .....     NoTele   +   p - +0 pair of boots
Stlth    ..........             y - amulet of the acrobat
HPRegen  1.25/turn              m - +3 ring of dexterity
MPRegen  0.24/turn              n - +3 ring of dexterity

@: berserking (expiring), studying Long Blades, very quick
A: sickness immunity, AC +8, negative energy resistance 1, electricity
resistance, torment resistance 1, petrification resistance
a: Renounce Religion


You were in the Dungeon.
You worshipped Vehumet.
Vehumet was exalted by your worship.
You visited 1 branch You collected 34 gold pieces.

Inventory:

Hand Weapons
 a - a +2 vorpal morningstar (weapon)
Missiles
 i - 13 stones
 A - 9 poisoned darts
 B - 6 silver boomerangs
Armour
 b - a +0 troll leather armour (worn)
 p - a +0 pair of boots (worn)
 q - a +0 cloak (worn)
Jewellery
 m - a +3 ring of dexterity (left hand)
 n - a +3 ring of dexterity (right hand)
 w - a ring of ice
 x - an amulet of faith
 y - an amulet of the acrobat (around neck)
Scrolls
 h - 2 scrolls of blinking
 j - 5 scrolls of amnesia
 k - a scroll of summoning
 r - 3 scrolls of identify
 s - 4 scrolls of enchant weapon
 t - 2 scrolls of fear
 z - a scroll of immolation
Potions
 c - 11 potions of curing
 d - 13 potions of heal wounds
 e - 2 potions of haste
 f - 3 potions of magic
 g - a potion of berserk rage
 l - 2 potions of invisibility
 o - 4 potions of might
 u - a potion of resistance
 v - a potion of mutation


   Skills:
 + Level 2.2 Fighting
 + Level 3.8 Maces & Flails
 + Level 2.7 Armour
 + Level 5.0 Dodging
 + Level 5.4 Stealth
 + Level 19.3 Spellcasting
 + Level 0.2 Conjurations
 + Level 1.0 Transmutations
 + Level 22.9 Earth Magic


You had 29 spell levels left.
You knew the following spells:

 Your Spells              Type           Power      Damage    Failure   Level
a - Sandblast             Erth           100%       2d20      0%          1
b - Passwall              Tmut/Erth      50%        N/A       1%          2
c - Stone Arrow           Conj/Erth      100%       3d13      1%          3
d - Lee's Rapid Deconstr  Erth           42%        3d21*     0%          5
e - Petrify               Tmut/Erth      61%        N/A       1%          4
f - Fireball              Conj/Fire      9%         3d6       22%         5

Your spell library contained the following spells:

 Spells                   Type           Power      Damage    Failure   Level
 Eringya's Noxious Bog    Tmut/Pois      10%        N/A       67%         6


Dungeon Overview and Level Annotations

Branches:
Dungeon (1/1)

Altars:
Ashenzari
Cheibriados
Dithmenos
Elyvilon
Fedhas
Gozag
Hepliaklqana
Kikubaaqudgha
Makhleb
Nemelex Xobeh
Okawaru
Qazlal
Ru
Sif Muna
Trog
Uskayaw
Vehumet
Wu Jian
Xom
Yredelemnul
Zin
The Shining One
Beogh
Jiyva
Lugonu


Innate Abilities, Weirdness & Mutations

You are immune to sickness and miasma.
Your stone body is resilient. (AC +8)
You are immune to poison.
You resist negative energy. (rN+)
You are resistant to electric shocks. (rElec)
You are resistant to unholy torment.
You are immune to petrification.


Message History

You feel you are being watched by something.
You feel your power leaking away.
Okay, then.
Deactivating autopickup; reactivate with Ctrl-A.
You closely miss something. Something hits you! Something barely misses you.
Something stings you.
You feel you are being watched by something.
You feel your power leaking away.
Something hits you but does no damage. x2; Something stings you.
A red film seems to cover your vision as you go berserk!
You feel yourself moving faster!
You feel mighty! Something hits you. Something hits you! Something stings you.
You puncture something!
You feel you are being watched by something.
Something hits you! Something hits you. Something closely misses you.
You barely miss something. Something hits you. x2
You feel clumsy.
Something stings you but does no damage.
You barely miss something. Something hits you but does no damage.
Something hits you!
* * * LOW HITPOINT WARNING * * *
You feel clumsy.
Something stings you but does no damage.
You closely miss something. Something hits you but does no damage.
Something hits you!
* * * LOW HITPOINT WARNING * * *
Something stings you.
* * * LOW HITPOINT WARNING * * *
You miss something.
You feel you are being watched by something.
You feel your power leaking away. Something hits you.
* * * LOW HITPOINT WARNING * * *
Something hits you.
* * * LOW HITPOINT WARNING * * *
You feel clumsy. Something stings you.
* * * LOW HITPOINT WARNING * * *
You completely miss something. Something hits you!
You die...

##################+#
................@..#
...÷............{..#
#++##############..#
..# ..# ..# ..# ..#


There were no monsters in sight!

Vanquished Creatures
  A hydra (D)
  An anaconda (D)
  An alligator (D)
  8 death yaks (D)
  2 two-headed ogres (D)
  An orc high priest (D)
  A shadow wraith (D)
  A swamp dragon (D)
  A spriggan druid (D)
  A deep elf zephyrmancer (D)
  A lindwurm (D)
  2 orc knights (D)
  An orc sorcerer (D)
  An elephant (D)
  Joseph (D)
  A smoke demon (D)
  A cane toad (D)
  A freezing wraith (D)
  A komodo dragon (D)
  A wandering mushroom (D)
  A hellwing (D)
  2 trolls (D)
  A spriggan (D)
  5 redbacks (D)
  A shadow (D)
  A wyvern (D)
  A wraith (D)
  4 vampire mosquitoes (D)
  A warg (D)
  A floating eye (D)
  7 orc warriors (D)
  A black bear (D)
  An ice beast (D)
  2 ogres (D)
  A centaur (D)
  A gnoll sergeant (D)
  8 killer bees (D)
  3 quasits (D)
  3 orc priests (D)
  An iron imp (D)
  2 jellies (D)
  Crazy Yiuf (D)
  A gnoll shaman (D)
  An orc wizard (D)
  A hell rat (D)
  7 gnolls (D)
  A river rat (D)
  An adder skeleton (D)
  2 adder zombies (D)
  12 orcs (D)
  A ball python (D)
  An endoplasm (D)
  A hobgoblin (D)
  A kobold (D)
  A quokka (D)
  A frilled lizard (D)
  A jackal zombie (D)
  3 rats (D)
114 creatures vanquished.

Notes
Turn   | Place    | Note
-------+----------+-------------------------------------------
     0 | D        | mhtbhm the Gargoyle Earth Elementalist began the quest for
                  | the Orb.
     0 | D        | Reached XP level 1. HP: 10/10 MP: 3/3
    25 | D        | Found a bloodstained altar of Trog.
    25 | D        | Found a shimmering blue altar of Sif Muna.
    25 | D        | Found a viscous altar of Jiyva.
    25 | D        | Found a hazy altar of Hepliaklqana.
    25 | D        | Found an opulent altar of Gozag.
    26 | D        | Found a glowing golden altar of the Shining One.
    26 | D        | Found a glowing silver altar of Zin.
    26 | D        | Found a basalt altar of Yredelemnul.
    26 | D        | Found a shimmering altar of Xom.
    26 | D        | Found an ornate altar of the Wu Jian Council.
    26 | D        | Found a sacrificial altar of Ru.
    26 | D        | Found a stormy altar of Qazlal.
    26 | D        | Found an iron altar of Okawaru.
    26 | D        | Found a sparkling altar of Nemelex Xobeh.
    26 | D        | Found a burning altar of Makhleb.
    26 | D        | Found a blossoming altar of Fedhas.
    26 | D        | Found a white marble altar of Elyvilon.
    26 | D        | Found a shadowy altar of Dithmenos.
    26 | D        | Found a snail-covered altar of Cheibriados.
    28 | D        | Found a radiant altar of Vehumet.
    28 | D        | Found a corrupted altar of Lugonu.
    29 | D        | Found a hide-covered altar of Uskayaw.
    29 | D        | Found an ancient bone altar of Kikubaaqudgha.
    29 | D        | Found a broken altar of Ashenzari.
    36 | D        | Became a worshipper of Vehumet
   125 | D        | Reached skill level 4 in Earth Magic
   125 | D        | Reached * piety under Vehumet
   125 | D        | Offered knowledge of Shock by Vehumet.
   262 | D        | Noticed a floating eye
   264 | D        | Killed a floating eye
   265 | D        | Reached skill level 8 in Earth Magic
   265 | D        | Reached XP level 2. HP: 15/15 MP: 1/7
   265 | D        | Reached XP level 3. HP: 19/19 MP: 1/9
   265 | D        | Reached XP level 4. HP: 24/24 MP: 1/10
   344 | D        | Offered knowledge of Static Discharge by Vehumet.
   344 | D        | Reached ** piety under Vehumet
   373 | D        | Learned a level 2 spell: Passwall
   377 | D        | Learned a level 3 spell: Stone Arrow
   424 | D        | Noticed an ogre
   429 | D        | Killed an ogre
   429 | D        | Reached *** piety under Vehumet
   430 | D        | Reached skill level 5 in Spellcasting
   430 | D        | Reached skill level 1 in Transmutations
   430 | D        | Reached skill level 9 in Earth Magic
   430 | D        | Reached XP level 5. HP: 28/28 MP: 8/13
   443 | D        | Learned a level 5 spell: Lee's Rapid Deconstruction
   448 | D        | Learned a level 4 spell: Petrify
   479 | D        | Noticed a black bear
   481 | D        | Offered knowledge of Frozen Ramparts by Vehumet.
   482 | D        | Reached skill level 10 in Earth Magic
   482 | D        | Killed a black bear
   482 | D        | Reached **** piety under Vehumet
   483 | D        | Reached skill level 11 in Earth Magic
   483 | D        | Reached XP level 6. HP: 32/32 MP: 4/16
   707 | D        | Noticed a swamp dragon
   710 | D        | Killed a swamp dragon
   710 | D        | Offered knowledge of Mephitic Cloud by Vehumet.
   711 | D        | Reached skill level 10 in Spellcasting
   711 | D        | Reached skill level 13 in Earth Magic
   711 | D        | Reached XP level 7. HP: 36/36 MP: 1/20
   711 | D        | Reached XP level 8. HP: 41/41 MP: 1/22
   928 | D        | Offered knowledge of Bolt of Magma by Vehumet.
   928 | D        | Reached ***** piety under Vehumet
  1042 | D        | Noticed a two-headed ogre
  1042 | D        | Noticed a shadow
  1054 | D        | Killed a two-headed ogre
  1055 | D        | Reached skill level 15 in Earth Magic
  1117 | D        | Offered knowledge of Yara's Violent Unravelling by Vehumet.
  1123 | D        | Killed a shadow
  1124 | D        | Reached XP level 9. HP: 45/45 MP: 10/25
  1307 | D        | Noticed a deep elf zephyrmancer
  1310 | D        | Killed a deep elf zephyrmancer
  1370 | D        | Noticed an orc high priest
  1371 | D        | Killed an orc high priest
  1372 | D        | Reached skill level 5 in Stealth
  1372 | D        | Reached skill level 16 in Earth Magic
  1374 | D        | Reached ****** piety under Vehumet
  1374 | D        | Offered knowledge of Starburst by Vehumet.
  1374 | D        | Noticed an orc knight
  1375 | D        | Reached skill level 17 in Earth Magic
  1375 | D        | Reached XP level 10. HP: 22/50 MP: 19/27
  1376 | D        | Killed an orc knight
  1376 | D        | Noticed an orc sorcerer
  1377 | D        | Killed an orc sorcerer
  1381 | D        | Noticed a lindwurm
  1392 | D        | Killed a lindwurm
  1393 | D        | Reached skill level 1 in Maces & Flails
  1393 | D        | Reached skill level 18 in Earth Magic
  1587 | D        | Noticed a cane toad
  1588 | D        | Offered knowledge of Fireball by Vehumet.
  1589 | D        | Reached skill level 1 in Fighting
  1589 | D        | Reached skill level 15 in Spellcasting
  1591 | D        | Killed a cane toad
  1615 | D        | Noticed Joseph
  1617 | D        | Noticed a four-headed hydra
  1619 | D        | Killed a four-headed hydra
  1620 | D        | Reached skill level 19 in Earth Magic
  1620 | D        | Reached XP level 11. HP: 33/57 MP: 5/30
  1626 | D        | Killed Joseph
  1882 | D        | Learned a level 5 spell: Fireball
  1890 | D        | Offered knowledge of Orb of Destruction by Vehumet.
  1895 | D        | Noticed an anaconda
  1897 | D        | Killed an anaconda
  1898 | D        | Reached skill level 20 in Earth Magic
  1921 | D        | Noticed an orc knight
  1926 | D        | Killed an orc knight
  2118 | D        | Offered knowledge of Ozocubu's Refrigeration by Vehumet.
  2127 | D        | Noticed Crazy Yiuf
  2127 | D        | Noticed a two-headed ogre
  2131 | D        | Killed Crazy Yiuf
  2133 | D        | Killed a two-headed ogre
  2134 | D        | Reached skill level 5 in Dodging
  2138 | D        | Killed a shadow wraith
  2139 | D        | Reached skill level 1 in Armour
  2139 | D        | Reached skill level 21 in Earth Magic
  2448 | D        | Offered knowledge of Irradiate by Vehumet.
  2536 | D        | Noticed a spriggan druid
  2539 | D        | Killed a spriggan druid
  2542 | D        | Reached XP level 12. HP: 62/62 MP: 16/33
  2625 | D        | Noticed a death yak
  2628 | D        | Noticed a death yak
  2629 | D        | Killed a death yak
  2630 | D        | Noticed a death yak
  2632 | D        | Killed a death yak
  2632 | D        | Offered knowledge of Eringya's Noxious Bog by Vehumet.
  2634 | D        | Killed a death yak
  2635 | D        | Reached skill level 22 in Earth Magic
  2753 | D        | Noticed a death yak
  2753 | D        | Noticed a death yak
  2755 | D        | Noticed a death yak
  2756 | D        | Noticed a death yak
  2758 | D        | Killed a death yak
  2758 | D        | Noticed a death yak
  2759 | D        | Killed a death yak
  2762 | D        | Killed a death yak
  2762 | D        | Killed a death yak
  2776 | D        | Killed a death yak
  2976 | D        | Noticed an alligator
  2979 | D        | Killed an alligator
  2988 | D        | HP: 4/93 [something (1)]
  2989 | D        | Slain by a ghost moth

Illustrated notes

Levels and vault maps discovered:
D:        pitsprint [storerooms_1, entrance_room_1, metal_vault_7, armoury_1,
          mini_pit_1, grid_room_1, main_hall_1, silver_pit, the_coven_1,
          the_vestibule_1, steel_vault_1, golden_pit, hallway_of_sentries,
          crystal_vault_2, iron_vault_1, final_vault]

Skill      XL: |  1  2  3  4  5  6  7  8  9 10 11 12 |
---------------+-------------------------------------+-----
Dodging        | 3 4 5 |  5.0
Earth Magic    | 8 9 11 13 15 17 19 21 22 | 22.9
Stealth        | 3 4 5 |  5.4
Spellcasting   | 4 5 7 10 12 13 15 17 19 | 19.3
Transmutations | 1 |  1.0
Maces & Flails | 3 |  3.8
Fighting       | 2 |  2.2
Armour         | 2 |  2.7
Conjurations   | |  0.2

Action                   |  1- 3 |  4- 6 |  7- 9 | 10-12 || total
-------------------------+-------+-------+-------+-------++-------
Melee: Morningstar       |       |       |       |    13 ||    13
 Cast: Sandblast         |     9 |    10 |       |     8 ||    27
       Stone Arrow       |       |     1 |       |     1 ||     2
       Lee's Rapid Decon |       |     6 |    12 |    76 ||    94
  Use: Potion            |       |       |       |     6 ||     6
Armor: Robe              |       |       |       |     8 ||     8
       Troll leather arm |       |       |       |    13 ||    13
Dodge: Dodged            |     3 |     3 |       |    17 ||    23

Table legend: (Time is in decaauts)
 A = Elapsed time spent in this place.
 B = Non-inter-level travel time spent in this place.
 C = Inter-level travel time spent in this place.
 D = Time resting spent in this place.
 E = Time spent auto-exploring this place.
 F = Levels seen in this place.
 G = Mean time per level.
                   A        B        C        D        E       F      G
               +--------+--------+--------+--------+--------+-----+--------+
         Total |   3004 |   3004 |      0 |   2098 |     81 |   1 | 3004.0 |
       Dungeon |   3004 |   3004 |      0 |   2098 |     81 |   1 | 3004.0 |
               +--------+--------+--------+--------+--------+-----+--------+

Top non-repeatable levels by time:
       D: 3004 daAuts
